[Event "7th Sharjah Masters 2024"]
[Site "Sharjah"]
[Date "2024.05.22"]
[Round "9.28"]
[White "Banusz, Tamas"]
[Black "Can, Emre"]
[Result "1/2-1/2"]
[ECO "A07"]
[WhiteElo "2623"]
[BlackElo "2549"]
[Annotator "TA"]
[PlyCount "71"]
[EventDate "2024.05.13"]
[EventType "swiss"]
[EventCountry "UAE"]
[SourceTitle "playchess.com"]
[Source "ChessBase"]
[SourceQuality "1"]
[TimeControl "5400+30"]

1. Nf3 d5 2. g3 g6 3. Bg2 Bg7 4. O-O e5 5. d3 Ne7 6. e4 O-O 7. Nc3 d4 8. Ne2 c5 9. Nd2 Nbc6 10. f4 f6 {[%emt 0:02:48] Black has an edge.} 11. Nf3 Bd7 12. h3 Qb6 13. Kh2 f5 14. Nxe5 Nxe5 15. fxe5 fxe4 16. Bxe4 Bxe5 17. Bf4 Bg7 18. Qd2 Bc6 (18... Qxb2 19. Rfb1 Qa3 20. Rxb7 $16) 19. b3 Nd5 {[%emt 0:14:05][%cal Od5e3] And now ...Ne3! would win.} 20. Bxd5+ Bxd5 21. Bh6 Bxh6 22. Qxh6 Qe6 23. Qd2 (23. Nf4 $11 {remains equal.} Qe3 24. Qg5 (24. Rae1 $2 Qd2+ 25. Re2 Qxe2+ 26. Nxe2 Rxf1 $19) 24... Qd2+ (24... Rf5 25. Qg4 $15) 25. Kg1) 23... Bc6 $17 24. Nf4 Qd6 25. Rae1 Rf6 26. Qe2 Raf8 {[%emt 0:01:43] Hoping for ...g5.} (26... Re8 {feels hotter.} 27. Qg4 Re3 28. Rxe3 dxe3 29. h4 Qe5) 27. Qe5 h6 28. Qxd6 Rxd6 29. h4 Rdf6 {[%emt 0:04:30] [#] ...g5 is the strong threat.} 30. Re5 Rf5 31. Rfe1 {[%emt 0:02:23] The position is equal.} g5 32. hxg5 hxg5 33. Nh3 g4 {[%emt 0:00:06] [#] White must now prevent ...Rxe5.} 34. Nf4 Rxe5 35. Rxe5 Re8 36. Rxe8+ {[%emt 0:08:09] Weighted Error Value: White=0.08 (flawless) /Black=0.08 (flawless) .  Mistake:       	White=1     	---        Inaccurate:     	White=1     	Black=3      OK:         	White=11    	Black=12} (36. Rxc5 $2 {is the wrong capture.} Re1 37. Rg5+ Kf7 $19) 1/2-1/2

[Event "7th Sharjah Masters 2024"]
[Site "Sharjah"]
[Date "2024.05.22"]
[Round "9.29"]
[White "Bharath Subramaniyam H"]
[Black "Theodorou, Nikolas"]
[Result "0-1"]
[ECO "B33"]
[WhiteElo "2545"]
[BlackElo "2617"]
[Annotator "TA"]
[PlyCount "110"]
[EventDate "2024.05.13"]
[EventType "swiss"]
[EventCountry "UAE"]
[SourceTitle "playchess.com"]
[Source "ChessBase"]
[SourceQuality "1"]
[TimeControl "5400+30"]

1. e4 c5 2. Nf3 Nc6 3. d4 cxd4 4. Nxd4 e5 5. Ne2 Nf6 6. Nbc3 Bc5 7. Ng3 O-O {[%emt 0:01:22] B33: Sicilian: Pelikan and Sveshnikov Variations.} 8. Bc4 d6 9. O-O a6 10. Nf5 $146 ({Predecessor:} 10. Bg5 h6 11. Bxf6 Qxf6 12. Nd5 Qd8 13. c3 Ne7 14. b4 Ba7 15. a4 Be6 16. Qd3 {1-0 Ponkratov,P (2641)-Obolenskikh,D (2547) Cheliabinsk Variation Blitz 2022 (4)}) 10... Be6 11. Nd5 Nxe4 12. Qg4 g6 13. Nh6+ Kg7 14. Qxe4 f5 15. Qe2 b5 16. Bb3 Nd4 17. Qd1 f4 18. Ng4 Qh4 19. Nge3 fxe3 20. Bxe3 Rf5 21. Nc7 Bd7 22. g3 Qh3 23. Bxd4 exd4 24. Ne6+ Kh8 25. Nxc5 dxc5 26. f3 {[%emt 0:00:01] [#]} Qh6 $1 27. c3 (27. Qd3 $142) 27... Qe3+ $19 28. Kg2 $2 (28. Rf2 c4 29. Bxc4 bxc4 30. Qxd4+ Qxd4 31. cxd4) 28... Bc6 $19 29. cxd4 Rd8 (29... cxd4 30. Rc1 Be4 (30... Rc8 $2 31. Rxc6 Rxc6 32. Re1 $18) 31. fxe4 $11) (29... Qxd4 30. Qxd4+ cxd4 31. Rad1 $11) 30. d5 (30. g4 $142 Rxf3 (30... Rxd4 $2 31. gxf5 Qg5+ 32. Kh1 $19) 31. d5 (31. Rxf3 $2 Rxd4 32. Bc2 Rxd1 $19)) 30... c4 $2 (30... Rdxd5 {( -> ...Rd2+)} 31. Bxd5 Rxd5) 31. Re1 (31. Qe1 $142 Qxe1 32. Raxe1 Rfxd5 (32... Bxd5 33. Bd1 $17) 33. Bc2) 31... Qc5 $19 32. Qc1 $2 (32. dxc6 $19 Rxd1 33. Bxd1 Qxc6 34. Rf1) 32... Rfxd5 $2 (32... Rxf3 {mates} 33. Bxc4 bxc4 (33... Bxd5 $2 34. Bxd5 Qxd5 35. Kg1 $19) 34. Qc2 Qxd5 35. Re4 Rd3 (35... Qxe4 {leads to mate.} 36. Qxe4 Bxe4 37. Kg1 Rd2 38. Re1 c3 39. bxc3 Bc6 40. h4 Rxg3+ 41. Kf1 Bb5+ 42. c4 Bxc4+ 43. Re2 Rxe2 44. a3 Rh2+ 45. Ke1 Rg1#) 36. Rae1 Rd2+ (36... Qxe4+ $2 37. Rxe4 Bxe4+ 38. Kf1 $19) 37. Qxd2 Qxd2+ 38. Kh3 Bxe4 39. Rxe4 Qd7+ (39... Qxb2 40. a3 c3 41. a4 c2 42. Re2 c1=Q 43. Rxb2 Qxb2 44. Kh4 Rd4+ 45. Kg5 Kg7 46. g4 h6+ 47. Kh4 Qxh2#) 40. Kg2 Qd5 (40... Qd2+ {gets mated.} 41. Kh3 Qd7+ 42. Kg2 Qd5 43. Kf3 Qd3+ 44. Kg2 Qxe4+ 45. Kh3 Qf3 46. a3 Rd2 47. Kh4 Qh5#) 41. Kf3 Rf8+ 42. Kg2 Qxe4+ 43. Kh3 Rf2 44. b3 h5 45. bxc4 Qg4#) 33. Qc3+ $19 Qd4 34. Bd1 Qxc3 35. bxc3 Rd3 36. a4 $2 (36. Re6 Bd7 (36... Rxd1 $2 37. Rxd1 Rxd1 38. Rxc6 $19) 37. Re7 Rxc3 38. Be2) 36... Rxc3 $19 37. axb5 axb5 38. Kh3 Rcd3 (38... Bxf3 39. Bxf3 Rxf3 40. Ra7 $17) 39. f4 R3d7 40. Bg4 Rc7 41. Rac1 Kg7 42. Kh4 Rd2 43. h3 Bd5 44. Rb1 c3 45. Rec1 h5 46. Bd1 Rxd1 47. Rxd1 c2 48. Rdc1 cxb1=Q 49. Rxb1 Rb7 50. Rb4 Kf6 51. Rd4 Bf7 52. Rb4 Bc4 53. g4 Rh7 54. g5+ Ke6 55. Rb1 Rf7 0-1

[Event "7th Sharjah Masters 2024"]
[Site "Sharjah"]
[Date "2024.05.22"]
[Round "9.30"]
[White "Nikitenko, Mihail"]
[Black "Ivanchuk, Vasyl"]
[Result "1/2-1/2"]
[ECO "C42"]
[WhiteElo "2529"]
[BlackElo "2609"]
[Annotator "RC"]
[PlyCount "153"]
[EventDate "2024.05.13"]
[EventType "swiss"]
[EventCountry "UAE"]
[SourceTitle "playchess.com"]
[Source "ChessBase"]
[SourceQuality "1"]
[TimeControl "5400+30"]

1. e4 e5 2. Nf3 Nf6 3. Nxe5 d6 4. Nf3 Nxe4 5. Nc3 Nxc3 6. dxc3 Be7 7. Be3 O-O 8. Qd2 Nd7 9. O-O-O Nf6 10. Bd3 Re8 11. Rde1 c6 12. Kb1 Qa5 13. c4 Qxd2 14. Bxd2 Bd7 15. h3 h6 16. Nd4 d5 17. cxd5 Nxd5 18. c3 Bc5 19. Bc4 Ne7 20. Re5 Bxd4 21. cxd4 Ng6 22. Rxe8+ Rxe8 23. Kc2 Nh4 24. g4 Be6 25. Bxe6 Rxe6 26. Kd3 f5 27. b4 Rg6 28. gxf5 Nxf5 29. a4 Rd6 30. Be3 Rd5 31. Rc1 a6 32. Rc5 Kf7 33. Rc4 Ke7 34. Rc1 Ke6 35. Re1 Kd7 36. Rg1 g5 37. Rb1 Ke6 38. Rf1 a5 39. Rb1 axb4 40. Rxb4 Nd6 41. Ke2 Rf5 42. Rb1 Ra5 43. Rb4 Rf5 44. Rb1 Rf8 45. Rb4 Kd5 46. Rb1 Rf7 47. Rc1 Nc4 48. h4 gxh4 49. Rh1 h5 50. Rxh4 Rh7 51. Bg5 Nd6 52. Kd3 Nf5 53. Re4 Kd6 54. Re5 Rf7 55. Ke4 Ne7 56. f4 h4 57. Kf3 Nd5 58. Re1 h3 59. Rh1 Rh7 60. Kg3 Nc3 61. Bh4 Ke6 62. Kg4 Rg7+ 63. Bg5 Ne4 64. Rh2 b5 65. axb5 cxb5 66. Rb2 b4 67. Kxh3 Rb7 68. Kg4 Kd5 69. Kf5 b3 70. Be7 Nc3 71. Kg6 Rxe7 72. Rxb3 Kxd4 73. Rxc3 Kxc3 74. f5 Kd4 75. f6 Ra7 76. f7 Rxf7 77. Kxf7 1/2-1/2

[Event "7th Sharjah Masters 2024"]
[Site "Sharjah"]
[Date "2024.05.22"]
[Round "9.31"]
[White "Gupta, Abhijeet"]
[Black "Gavrilescu, David"]
[Result "1-0"]
[ECO "D35"]
[WhiteElo "2604"]
[BlackElo "2540"]
[Annotator "TA"]
[PlyCount "115"]
[EventDate "2024.05.13"]
[EventType "swiss"]
[EventCountry "UAE"]
[SourceTitle "playchess.com"]
[Source "ChessBase"]
[SourceQuality "1"]
[TimeControl "5400+30"]

1. d4 Nf6 2. c4 e6 3. Nc3 d5 4. cxd5 exd5 5. Bg5 Bb4 6. e3 h6 7. Bh4 g5 {[%emt 0:00:30] D35: Queen's Gambit Declined: Exchange Variation.} 8. Bg3 h5 9. Qb3 $5 {[%emt 0:00:30][%mdl 4] An interesting side line.} Bxc3+ 10. Qxc3 Nc6 11. Bd3 h4 12. Be5 Nxe5 13. dxe5 Ne4 14. Qa3 h3 15. gxh3 Bxh3 16. Nxh3 Rxh3 17. Qb3 $146 ({Predecessor:} 17. Bxe4 dxe4 18. Rd1 Qe7 19. Qa4+ c6 20. Qxe4 Rh4 21. f4 gxf4 22. exf4 Rg4 23. Rf1 {½-½ Donchenko,A (2636)-Kulaots,K (2513) Elllobregat op 3rd 2022 (8)}) 17... Nc5 18. Qb5+ Nd7 19. Bf5 Rh6 (19... Rf3 $2 20. Bg4 (20. Qxd5 $2 Rxf5 21. Qxb7 Qb8 $19) 20... c6 21. Qe2 $18 (21. Qxb7 $11)) 20. Qxd5 c6 21. Qd4 $1 Rh4 22. f4 Nb6 23. O-O-O Qxd4 24. Rxd4 gxf4 25. Rxf4 Rh6 26. h3 Ke7 27. Rhf1 Rf8 28. Bg4 Nd5 29. R4f3 Rhh8 (29... Rg6 $142) 30. e4 $16 Nc7 31. Ra3 Na6 (31... a6 $142) 32. Be2 ({Better is} 32. Rf6 $16) 32... Nc5 $14 33. Rxa7 Rxh3 (33... Ra8 $14 34. Rxa8 Rxa8) 34. b4 $1 $16 Rc3+ (34... Nd3+ $16 35. Kb1 (35. Bxd3 Rxd3 36. Rxb7+ Ke6 $16) 35... Rb8) 35. Kb2 $1 $18 Re3 36. Bc4 $1 Rxe4 {[%emt 0:00:30] [#]} (36... Nd3+ $142 37. Bxd3 Rxd3 38. Rxb7+ Ke6 39. Rf6+ Kxe5 40. Rxc6 (40. Rbxf7 Rb8 $16) 40... Rd2+ 41. Kb3 Rd3+ 42. Kc4 Rd4+ 43. Kc3 Rxe4 44. Rc5+ Kf6 45. Rc6+ Re6) 37. Kc3 $1 $18 (37. bxc5 Rxc4 38. Rf6 (38. Rxb7+ Ke6 $16) 38... Rb8 $11) (37. Rc1 Nd7 $14) 37... Nd7 38. Rxb7 Rxe5 39. Rd1 Rd8 40. a4 Re3+ 41. Kb2 Re4 42. Kc3 Re3+ $1 {[%emt 0:00:30] [#]} 43. Kc2 $1 Re4 44. Bf1 Ke6 $2 (44... Re6 45. a5 Rd6 46. Re1+ Kf6) 45. a5 $18 Rf4 46. a6 Rf2+ (46... Ra8 $142 47. Rdxd7 (47. Rbxd7 Rxf1 48. R1d6+ Ke5 $18) 47... Rxf1) 47. Kb1 $18 Rf4 48. a7 Ra8 49. Bh3+ ({Weaker is} 49. Rbxd7 Rxb4+ 50. Kc2 Ra4 $16) 49... f5 50. Rdxd7 ({Not} 50. Rbxd7 Rxb4+ 51. Kc1 (51. Kc2 Ra4 $14) 51... Ra4 $14) 50... Rxb4+ 51. Rxb4 Kxd7 52. Rb7+ Ke6 53. Kc2 Ke5 54. Kc3 Rh8 55. Bg2 Rg8 56. Rb8 Rg3+ 57. Kc4 Rg4+ 58. Kc5 1-0

[Event "7th Sharjah Masters 2024"]
[Site "Sharjah"]
[Date "2024.05.22"]
[Round "9.32"]
[White "Pranav Anand"]
[Black "Jumabayev, Rinat"]
[Result "1-0"]
[ECO "B43"]
[WhiteElo "2532"]
[BlackElo "2597"]
[Annotator "TA"]
[PlyCount "99"]
[EventDate "2024.05.13"]
[EventType "swiss"]
[EventCountry "UAE"]
[SourceTitle "playchess.com"]
[Source "ChessBase"]
[SourceQuality "1"]
[TimeControl "5400+30"]

1. e4 c5 2. Nf3 e6 3. d4 cxd4 4. Nxd4 a6 5. Nc3 b5 6. Bd3 Bb7 7. O-O Nc6 8. Nxc6 Bxc6 9. Re1 {[%emt 0:00:04] B43: Sicilian: Kan Variation: 5 Nc3.} Ne7 {[%emt 0:06:07] now scores much better than the old 9...Bc5.} 10. Bf1 Ng6 11. Be3 Rb8 $146 ({Predecessor:} 11... f6 12. a4 Bb4 13. axb5 Bxc3 14. bxc6 Bxe1 15. cxd7+ Qxd7 16. Bb5 Qxb5 {0-1 Maksimovic,B (2486)-Predke,A (2684) Belgrade Gligoric 100 Ann op blitz 2023 (11)}) 12. Qd4 f6 13. Rad1 Be7 14. Nd5 $1 O-O (14... exd5 $6 15. exd5 O-O 16. dxc6 dxc6 17. f4 $16) 15. c4 Rf7 ({Reject} 15... exd5 16. exd5 Ba8 17. d6 $16) 16. cxb5 axb5 17. Nxe7+ Nxe7 18. f3 f5 19. Bg5 fxe4 20. fxe4 Qc7 21. Bd2 Ra8 22. a3 Ng6 23. Bb4 Qb7 24. g3 Qa7 25. Bc5 Qb8 26. Bd6 Qd8 27. Bg2 Qg5 28. Rf1 (28. Rc1 $16) 28... Ra4 29. Qd3 Rf6 (29... Ne5 $11 {remains equal.} 30. Qc3 Ng4) 30. b3 Ra8 31. h4 Qg4 32. Kh2 ({Better is} 32. Rxf6 $16 gxf6 33. Bf3) 32... Nh8 33. Rxf6 gxf6 34. Rf1 $1 Qg7 35. Qc3 Nf7 36. Be7 $1 Ne5 37. Bxf6 Ng4+ 38. Kh3 Nxf6 (38... Qg6 $16) 39. Rxf6 $18 Rxa3 40. e5 Bxg2+ 41. Kxg2 Ra8 42. Qf3 $1 Rc8 {[%emt 0:00:19] [#]} (42... Re8 $142 43. Qf4 Re7) 43. Kh3 $1 $18 b4 {[%emt 0:00:25] [#]} 44. Qf4 $1 Rb8 $2 (44... Rd8 45. h5 (45. Qxb4 Ra8 $18) 45... Qe7) 45. h5 $18 Qe7 46. h6 Rc8 47. Qf3 Rb8 48. Rf4 Kh8 49. Rf7 Qg5 50. Rf8+ (50. Rxd7 Qxh6+ 51. Kg2 Rf8 $14) 1-0

[Event "7th Sharjah Masters 2024"]
[Site "Sharjah"]
[Date "2024.05.22"]
[Round "9.34"]
[White "Sethuraman, S.P."]
[Black "Cardoso Cardoso, Jose Gabriel"]
[Result "1-0"]
[ECO "B89"]
[WhiteElo "2593"]
[BlackElo "2497"]
[Annotator "TA"]
[PlyCount "91"]
[EventDate "2024.05.13"]
[EventType "swiss"]
[EventCountry "UAE"]
[SourceTitle "playchess.com"]
[Source "ChessBase"]
[SourceQuality "1"]
[TimeControl "5400+30"]

1. e4 c5 2. Nf3 d6 3. d4 cxd4 4. Nxd4 Nf6 5. Nc3 Nc6 6. Bc4 e6 7. Be3 a6 8. Qe2 Bd7 9. O-O-O b5 10. Bb3 Na5 11. f3 Qc7 {[%emt 0:00:11] The position is equal.} 12. g4 b4 13. Na4 Be7 14. Kb1 Nxb3 (14... O-O $11) 15. cxb3 $14 O-O 16. h4 d5 17. Rc1 Qb8 {[%emt 0:09:57] [#]} 18. e5 Qxe5 19. Nb6 {[%emt 0:00:15][%cal Og4g5] g5! would now be deadly.} Qd6 20. Nxa8 Rxa8 21. Qc2 a5 22. Nc6 Bf8 {[%emt 0:03:24] [#] And now ...Rc8 would win.} 23. Qh2 $1 {[%emt 0:00:44] White has more active pieces.} Qxh2 24. Rxh2 Bd6 25. Rhc2 h5 26. g5 Nh7 (26... Ne8 $14) 27. f4 (27. Bc5 $16 Bf4 28. Ne7+ Kh8 29. g6 Bxc1 30. gxf7 (30. Kxc1 fxg6 31. Nxg6+ Kg8 $11)) 27... Nf8 28. Ne5 {[%emt 0:00:06] Wards off Ng6} Bxe5 29. fxe5 {[%emt 0:00:07] aiming for Rc7.} Ng6 30. Rc7 $36 {[%emt 0:04:39][%mdl 2048] White is pushing.} Nxe5 (30... Bb5 $1 $11) 31. Bd4 $16 Nf3 32. Rxd7 Nxd4 {[%emt 0:00:07][%mdl 4096] Endgame. KRR-KRN} 33. Rcc7 {[%emt 0:00:02][%cal Og5g6] Threatens to win with g6!} Nf5 34. Rxf7 {[%emt 0:00:04] Black must now prevent g6.} Kh7 35. Kc2 ({White should try} 35. Rf6 $16 Re8 36. a3) 35... Rg8 (35... Kg6 $1 $11) 36. Rf6 Re8 37. Kd3 Nxh4 (37... Kg8 $16 {might work better.} 38. Rff7 Kh7) 38. Rh6+ $18 Kg8 39. Rxh5 Ng6 {[%emt 0:02:00] Hoping for ...Nf4+.} 40. Rh2 e5 41. Ke3 Nf4 (41... Rf8 $142 42. Rhc2 Rf4) 42. Ra7 Ne6 43. g6 (43. Rxa5 d4+ 44. Ke2 Kf7 $16) 43... Ng5 $2 (43... Nf8 44. Rg2 (44. Rxa5 d4+ 45. Ke4 Nxg6 $18) 44... Ne6 45. Rxa5 Kf8 46. Rxd5 Nf4) 44. Rh5 {[%emt 0:01:44] White is clearly winning.} d4+ 45. Ke2 Ne6 46. Rxe5 {[%emt 0:01:00] Weighted Error Value: White=0.08 (flawless) /Black=0.27 (precise) .  Mistake:       	White=2     	Black=7      Inaccurate:     	---       	Black=2      OK:         	White=16    	Black=18     Best:        	White=7     	Black=2      Strong:       	White=1     	---        Brilliant:      	White=1     	---} (46. Rxa5 $2 {too greedy.} Nf4+ 47. Kd1 Nxh5 $19) 1-0

[Event "7th Sharjah Masters 2024"]
[Site "Sharjah"]
[Date "2024.05.22"]
[Round "9.35"]
[White "Royal, Shreyas"]
[Black "Peralta, Fernando"]
[Result "1/2-1/2"]
[ECO "A13"]
[WhiteElo "2464"]
[BlackElo "2575"]
[Annotator "TA"]
[PlyCount "62"]
[EventDate "2024.05.13"]
[EventType "swiss"]
[EventCountry "UAE"]
[SourceTitle "playchess.com"]
[Source "ChessBase"]
[SourceQuality "1"]
[TimeControl "5400+30"]

1. c4 e6 2. Nc3 Bb4 3. e4 d6 4. Nf3 Nf6 5. d3 O-O 6. a3 Bxc3+ 7. bxc3 e5 8. g3 {[%emt 0:00:32] The position is equal.} c6 9. Bg2 d5 10. exd5 cxd5 11. Nxe5 dxc4 12. Nxc4 Bg4 13. Qd2 Nbd7 14. d4 {[%emt 0:05:57][%cal Oe1g1] Repels Nc5. Active counter play!} (14. Bxb7 $2 Nc5 15. Ne3 Nxb7 16. Nxg4 Nxg4 $19) 14... Re8+ 15. Ne3 Ne4 16. Qb2 Ng5 17. O-O $1 (17. Bxb7 Rb8 18. f4 (18. O-O $2 Rxb7 19. Qa2 Bf3 $19) 18... Nh3 $19 (18... Bf3 $2 19. Rf1 $19)) 17... Bf3 18. Bxf3 Nxf3+ 19. Kg2 Ng5 20. c4 Nb6 21. f3 Qd7 22. Ra2 (22. Qc3 $16) 22... Nxc4 $15 23. Nxc4 (23. Qb3 $15 Nd6 24. d5) 23... Qh3+ $19 24. Kg1 {[%emt 0:00:04] [#]} Nxf3+ 25. Kf2 (25. Rxf3 $2 Re1+ 26. Kf2 Qf1#) 25... Nxh2 (25... Qxh2+ 26. Kxf3 Qh5+ 27. Kg2 Qd5+ 28. Kg1 Qxc4 29. Qf2 $18) 26. Rd1 Ng4+ 27. Kf3 Qh5 {[%emt 0:00:29] Repels Ne5. ( -> ...Ne3+)} 28. Kg2 Qh2+ $2 $40 {[%emt 0:01:05][%mdl 128] Black mounts an attack.} (28... b5 $19 29. Ne5 Nxe5) 29. Kf3 $15 {[%emt 0:00:02] [#]} Qh5 (29... Qh3 $1 $17 30. Ne5 (30. Qg2 $2 Qh5 $19) 30... Nxe5+ 31. dxe5 Qh5+ 32. g4 Qh3+ (32... Qxe5 $2 {loses.} 33. Qxe5 Rxe5 34. Rd7 $16) 33. Kf2 Qh4+ (33... Qxg4 34. Qd4 $11) 34. Kf3 h5 (34... Qh3+ 35. Kf2 $11)) 30. Kg2 $1 $19 Qd5+ 31. Kh3 $2 (31. Kg1) 31... Re4 {[%emt 0:01:45][%mdl 32768] Weighted Error Value: White=0.47/Black=0.30.  Loses game:     	White=1     	---        Missed win:     	---       	Black=1      Mistake:       	White=2     	Black=1      Inaccurate:     	White=1     	Black=3      OK:         	White=8     	Black=12     Best:        	White=6     	Black=2      Strong:       	White=2     	---        Brilliant:      	---       	Black=1     . An unexpected result.} 1/2-1/2

[Event "7th Sharjah Masters 2024"]
[Site "Sharjah"]
[Date "2024.05.22"]
[Round "9.36"]
[White "Suleymenov, Alisher"]
[Black "Yilmazyerli, Mert"]
[Result "1-0"]
[ECO "D28"]
[WhiteElo "2501"]
[BlackElo "2522"]
[Annotator "TA"]
[PlyCount "79"]
[EventDate "2024.05.13"]
[EventType "swiss"]
[EventCountry "UAE"]
[SourceTitle "playchess.com"]
[Source "ChessBase"]
[SourceQuality "1"]
[TimeControl "5400+30"]

1. d4 d5 2. c4 dxc4 3. Nf3 Nf6 4. e3 e6 5. Bxc4 a6 6. O-O c5 7. Qe2 b5 8. Bd3 Nbd7 9. a4 Bb7 10. axb5 axb5 11. Rxa8 {[%emt 0:00:04] White is slightly better.} Qxa8 12. Bxb5 {[%emt 0:05:51] And now Ne5 would win.} cxd4 13. Rd1 {[%emt 0:00:47] Strongly threatening Ne5.} Bc5 $2 (13... Bxf3 $14 14. Qxf3 (14. gxf3 Qb7 $16) 14... Qxf3 15. gxf3 Bc5) 14. Ne5 $1 $18 ({Don't do} 14. Nxd4 $6 Bxg2 15. Nc3 Bxd4 (15... O-O 16. Bxd7 Nxd7 17. e4 $14) 16. Rxd4 Bc6 $11) (14. exd4 Bxf3 15. gxf3 (15. Qxf3 Qxf3 16. gxf3 Bd6 $14) 15... Bd6) 14... Bxg2 15. f3 Bh3 16. exd4 Bb6 17. Be3 Qd8 (17... Qb7 {was called for.}) 18. Bxd7+ (18. Bg5 $142 {Nxd7 is the strong threat.} h6 19. Nxd7 hxg5 20. Nxf6+ (20. Nxb6+ Kf8 $18) 20... Kf8 21. Nd7+ Kg8 22. Nxb6 Qxb6 23. Nc3) 18... Nxd7 19. Qb5 Bc7 20. Nc3 Bf5 21. Ne4 Bxe4 22. fxe4 Bd6 23. Qc6 Qc7 24. Qa8+ Qb8 25. Qa4 Qb7 {[%emt 0:01:38][%cal Of7f6] [#]} ({But not} 25... Bxe5 $6 26. dxe5 O-O 27. Qxd7 $16) 26. Bf4 (26. Rd3 $1 $18 {[%cal Rd3b3] Black must now prevent Rb3.} Bxe5 27. dxe5) 26... O-O $2 27. Qxd7 Qxe4 28. Qxd6 Qxf4 29. Rf1 Qe3+ 30. Rf2 Qc1+ 31. Kg2 {[%emt 0:00:03][%cal Oe5f7] Hoping for Nxf7!} Qg5+ {[%emt 0:00:03] [#]} 32. Kf3 $1 h5 (32... Qf5+ $142 33. Ke3 Qg5+ 34. Ke2 Qh5+ 35. Kd2 Qg5+ 36. Kc2 Qe3) 33. Qc7 f6 34. Nd3 e5 35. Qc4+ Kh8 36. dxe5 {[%emt 0:00:12] White is clearly winning.} fxe5+ 37. Ke2 Rd8 38. Qe4 h4 39. Rf5 Qh6 40. Qg4 {[%emt 0:00:33] Weighted Error Value: White=0.14 (very precise) /Black=0.36.  Loses game:     	---       	Black=1      Mistake:       	White=2     	Black=3      Inaccurate:     	---       	Black=2      OK:         	White=16    	Black=12     Best:        	White=6     	Black=2      Strong:       	White=2     	---} 1-0

[Event "7th Sharjah Masters 2024"]
[Site "Sharjah"]
[Date "2024.05.22"]
[Round "9.37"]
[White "Esipenko, Andrey"]
[Black "Erdos, Viktor"]
[Result "1-0"]
[ECO "C78"]
[WhiteElo "2704"]
[BlackElo "2546"]
[Annotator "TA"]
[PlyCount "77"]
[EventDate "2024.05.13"]
[EventType "swiss"]
[EventCountry "UAE"]
[SourceTitle "playchess.com"]
[Source "ChessBase"]
[SourceQuality "1"]
[TimeControl "5400+30"]

1. e4 e5 2. Nf3 Nc6 3. Bb5 a6 4. Ba4 Nf6 5. O-O Bc5 6. c3 O-O 7. d4 Ba7 8. Bg5 {[%emt 0:12:42] C78: Ruy Lopez: Archangelsk and Möller Defences.} h6 9. Bh4 d6 (9... exd4 $14 10. Qc1 (10. cxd4 b5 $14) 10... Qe8) 10. Bxc6 $1 $16 bxc6 11. Re1 $5 {[%emt 0:00:22][%mdl 4] Leaves trodden paths.} g5 12. Bg3 g4 13. Nh4 $146 (13. dxe5 {looks sharper.} gxf3 14. exf6 Qxf6 15. e5) ({Predecessor:} 13. Bh4 gxf3 14. Qxf3 Kg7 15. Qg3+ Kh7 16. Qf3 Kg7 17. Qg3+ Kh7 18. Qf3 Kg6 19. Qg3+ {1-0 Pichot,A (2630)-Warmerdam,M (2535) Carlsen Inv Qual rapid 2021 (5)}) 13... Nh5 14. Na3 Qg5 15. Nc2 (15. Nc4 {with more complications.} Nxg3 16. hxg3 Qf6 17. dxe5 Bxf2+ 18. Kh2) 15... Re8 16. Qd3 Bd7 17. Rad1 a5 18. Ne3 Nxg3 19. hxg3 (19. fxg3 d5 20. exd5 cxd5 $15) 19... d5 20. dxe5 Rxe5 21. exd5 Rae8 22. dxc6 Bxc6 23. Kh2 Bxe3 (23... h5 $11 {remains equal.}) 24. Rxe3 $16 Rxe3 25. fxe3 Rxe3 26. Qc4 $1 Re6 27. b4 (27. b3 $16) 27... axb4 (27... a4 $14) 28. cxb4 $16 h5 29. Qc2 Qe5 30. Rd8+ (30. a4 $1 $18) 30... Kg7 ({Black should play} 30... Re8 31. Rxe8+ Bxe8) 31. a4 $1 $16 ({Much worse is} 31. Nf5+ $6 Kh7 32. Nh4+ Kg7 $11) 31... Be4 32. Qc1 $1 Rc6 {[%emt 0:00:56] [#]} 33. Qe1 $1 Rc2 {[%emt 0:00:37] [#]} 34. a5 $1 Ra2 (34... f5 $16) 35. Qe3 (35. Rd7 $18) 35... Qe6 $2 (35... Qf6 $16) 36. Qc3+ $18 Kh6 37. Rh8+ (37. Qh8+ $142 Kg5 38. Re8 Qxe8 39. Qxe8 Re2 40. Qb5+ (40. Qxf7 Kh6 $18) 40... f5 41. Qxe2 Kf6 42. a6) 37... Kg5 38. Qxc7 (38. Qd4 $142 Rxg2+ 39. Nxg2 Qf6 40. Rxh5+ (40. Qxe4 Qxh8 41. a6 Qa1 $18) (40. Qe3+ Kf5 41. Qf4+ Ke6 42. Re8+ Kd7 43. Qxf6 Kxe8 44. Qe5+ Kd7 45. Qxe4 Kd6) 40... Kg6 41. Rh6+ (41. Qxe4+ Kxh5 42. Qh7+ Kg5 43. Qh4+ Kg6 44. Qxf6+ Kxf6 45. a6 Kf5) (41. Nf4+ Qxf4 42. gxf4 g3+ 43. Kxg3 f6 44. Qxe4+ Kf7 45. Rh7+ Kg8 46. Qg6+ Kf8 47. Qf7#) 41... Kxh6 42. Qxf6+ Bg6 43. a6) 38... Bxg2 39. Qf4# 1-0